 Dungeon Crawl Stone Soup version 0.18.1-50-g88ac8fd (webtiles) character file.

782 Amnesiac the Slicer (level 7, -2/40 HPs)
             Began as a Deep Elf Fighter on Mar 2, 2018.
             Was an Initiate of Gozag.
             Slain by Crazy Yiuf
             ... wielding a +4 quarterstaff of chaos
              (8 damage)
             ... on level 5 of the Dungeon.
             The game lasted 00:08:23 (5768 turns).

Amnesiac the Slicer (Deep Elf Fighter)              Turns: 5768, Time: 00:08:24

Health: -2/40      AC:  8    Str: 15    XL:     7   Next: 55%
Magic:  9/9        EV:  8    Int: 15    God:    Gozag
Gold:   696        SH:  8    Dex: 14    Spells: 0 memorised, 6 levels left

rFire  . . .     SeeInvis .     a - +1 rapier
rCold  . . .     Gourm    .     q - +0 scale mail
rNeg   . . .     Faith    .     c - +0 shield
rPois  .         Spirit   .     o - +1 helmet
rElec  .         Dismiss  .     (no cloak)
rCorr  .         Reflect  .     (no gloves)
SustAt .         Harm     .     (no boots)
MR     .....                    g - amulet of rage
Stlth  ..........               (no ring)
                                (no ring)

@: not resistant to hostile enchantments, extremely unstealthy
A: clever 1
a: Potion Petition, Call Merchant, Bribe Branch, Renounce Religion, Evoke
Berserk Rage


You were on level 5 of the Dungeon.
You worshipped Gozag.
Gozag was noncommittal.
You were near starving.

You visited 1 branch of the dungeon, and saw 6 of its levels.

You collected 713 gold pieces.
You paid 17 gold pieces to Gozag.

Inventory:

Hand Weapons
 a - a +1 rapier (weapon)
 b - a +0 blowgun
Missiles
 h - 7 needles of confusion
 r - 13 poisoned needles
Armour
 c - a +0 shield (worn)
 m - a +0 buckler
 o - a +1 helmet (worn)
 q - a +0 scale mail (worn)
Jewellery
 g - an amulet of rage (around neck)
Wands
 f - a wand of flame (23/48)
 s - a wand of confusion (1/48)
Scrolls
 e - a scroll of blinking {!r}
 n - a scroll of enchant weapon {!r}
Potions
 d - 2 potions of berserk rage {!q, unknown}
 i - a potion of degeneration {!q, unknown}
 j - a potion of flight {!q}
 t - a potion of cure mutation {!q}
 u - a potion of agility {!q}
Miscellaneous
 w - a plain deck of summoning


   Skills:
 * Level 2.6 Fighting
 - Level 8.0 Short Blades
 * Level 2.6 Armour
 + Level 2.6 Dodging
 * Level 2.6 Shields


You had 6 spell levels left.
You didn't know any spells.

Dungeon Overview and Level Annotations

Branches:
Dungeon (6/15)             Temple (0/1) D:4

Altars:
Ashenzari
Cheibriados
Dithmenos
Gozag
Nemelex Xobeh
Pakellas
Vehumet
The Shining One

Annotations:
D:4 Grinder
D:5 Crazy Yiuf


Innate Abilities, Weirdness & Mutations

Your mind is acute. (Int +2)


Message History

No target in view!
No target in view!
No target in view!
No target in view!
No target in view!
No target in view!
No target in view!
No target in view!
No target in view!
No target in view!
You now have 696 gold pieces (gained 7).
A slave comes into view.
The slave shouts!
A ball python and a slave come into view.
There are monsters nearby!
There are monsters nearby!
There is an open door here.
Found an escape hatch in the floor.
Found an escape hatch in the ceiling.
There is a stone staircase leading down here.
You climb downwards.
A crimson imp comes into view.
Found a robe and an encrusted brass wand.
Found a stone staircase leading up and a stone staircase leading down.
There is a stone staircase leading up here.
The crimson imp blinks!
Found a metallic inky potion.
You block the crimson imp's attack.
Found an escape hatch in the ceiling.
The crimson imp barely misses you.
You see here an encrusted brass wand.
f - a wand of flame The crimson imp blinks!
The crimson imp blinks!
You see here a robe.
You see here a metallic inky potion {!q}.
i - a metallic inky potion {!q} The crimson imp blinks!
There is an escape hatch in the ceiling here.
A mysterious force pulls you upwards. The hatch slams shut behind you.
Found a mace.
Crazy Yiuf the Enlightened comes into view.
He is wielding a quarterstaff of chaos.
Crazy Yiuf shouts!
Crazy Yiuf cries, "Island turtle Hive!"
Crazy Yiuf hits you with a quarterstaff of chaos.
Crazy Yiuf burns you.
Your shield and scale mail prevent you from hitting Crazy Yiuf.
You hit Crazy Yiuf but do no damage.
Crazy Yiuf hits you with a quarterstaff of chaos.
* * * LOW HITPOINT WARNING * * *
You hit Crazy Yiuf but do no damage. You block Crazy Yiuf's attack.
You hit Crazy Yiuf.
Crazy Yiuf is lightly wounded.
Crazy Yiuf hits you with a quarterstaff of chaos!
* * * LOW HITPOINT WARNING * * *
You puncture Crazy Yiuf!
Crazy Yiuf is heavily wounded.
You hit Crazy Yiuf.
Crazy Yiuf is severely wounded.
Crazy Yiuf hits you with a quarterstaff of chaos.
* * * LOW HITPOINT WARNING * * *
You are electrocuted!
You die...
Your body crumbles into a pile of gold.

#####
#)..#
#...#
...
#g#
♣@♣♣
♣♣.♣
♣.♣♣
♣♣.♣
♣♣.♣♣
♣♣...♣
$
♣....♣
#....#
#....#


You could see Crazy Yiuf.

Vanquished Creatures
  Sigmund (D:3)
  A phantom (D:5)
  The ghost of Amnesiac the Cutter, an amateur DEFi (D:3)
  Blork the orc (D:4)
  A jelly (D:5)
  An orc priest (D:3)
  A centaur skeleton (D:4)
  An iguana (D:3)
  Ijyb (D:2)
  Terence (D:2)
  A worker ant (D:4)
  Robin (D:2)
  7 adders
  An ooze (D:1)
  2 dart slugs (D:2)
  5 giant geckos
  10 orcs (D:3)
  3 ball pythons
  7 giant cockroaches
  12 goblins
  13 hobgoblins
  7 jackals
  3 quokkas
  6 bats
  2 giant newts
  4 kobolds
  15 rats
109 creatures vanquished.

Notes
Turn   | Place    | Note
--------------------------------------------------------------
     0 | D:1      | Amnesiac the Deep Elf Fighter began the quest for the Orb.
     0 | D:1      | Reached XP level 1. HP: 13/13 MP: 3/3
    54 | D:2      | Noticed Robin
   515 | D:2      | Reached skill level 3 in Short Blades
   515 | D:2      | Reached XP level 2. HP: 18/18 MP: 4/4
   637 | D:2      | Found a snail-covered altar of Cheibriados.
   638 | D:2      | Found a shadowy altar of Dithmenos.
   644 | D:2      | Found a radiant altar of Vehumet.
   652 | D:2      | Found a shattered altar of Ashenzari.
   660 | D:2      | Found an opulent altar of Gozag.
   800 | D:2      | Became a worshipper of Gozag Ym Sagoz the Greedy
   931 | D:1      | Reached XP level 3. HP: 19/22 MP: 5/5
  1447 | D:2      | Reached skill level 4 in Short Blades
  1503 | D:2      | Found an oddly glowing altar of Pakellas.
  1832 | D:2      | Reached XP level 4. HP: 27/27 MP: 6/6
  2197 | D:2      | Killed Robin
  2400 | D:2      | Noticed Terence
  2421 | D:2      | Killed Terence
  2421 | D:2      | Reached skill level 5 in Short Blades
  2658 | D:2      | Reached XP level 5. HP: 31/31 MP: 7/7
  2762 | D:2      | Noticed Ijyb
  2911 | D:2      | Killed Ijyb
  2975 | D:2      | You fall through a shaft for 2 floors!
  3048 | D:3      | Noticed Sigmund
  3064 | D:3      | Killed Sigmund
  3064 | D:3      | Reached skill level 6 in Short Blades
  3064 | D:3      | Reached XP level 6. HP: 36/36 MP: 8/8
  3528 | D:3      | Noticed Amnesiac's ghost (amateur DEFi)
  3550 | D:3      | Killed Amnesiac's ghost
  3550 | D:3      | Reached skill level 7 in Short Blades
  4218 | D:3      | Found a sparkling altar of Nemelex Xobeh.
  4649 | D:4      | Reached XP level 7. HP: 32/40 MP: 9/9
  4718 | D:4      | Found a staircase to the Ecumenical Temple.
  4991 | D:4      | Noticed Grinder
  4995 | D:4      | Paralysed by Grinder for 4 turns
  5017 | D:4      | Gained mutation: Your mind is acute. (Int +2) [potion of beneficial mutation]
  5022 | D:4      | Noticed Blork the orc
  5043 | D:4      | Killed Blork the orc
  5043 | D:4      | Reached skill level 8 in Short Blades
  5388 | D:4      | Reached skill level 1 in Dodging
  5428 | D:5      | Entered Level 5 of the Dungeon
  5624 | D:5      | Found a glowing golden altar of the Shining One.
  5626 | D:5      | Noticed an angel
  5760 | D:5      | Noticed Crazy Yiuf
  5768 | D:5      | Slain by Crazy Yiuf

Skill      XL: |  1  2  3  4  5  6  7 |
---------------+----------------------+-----
Short Blades   | 3 4 5 6 7 8 |  8.0
Dodging        | 2 |  2.6
Fighting       | |  2.6
Armour         | |  2.6
Shields        | |  2.6

Action                   |  1- 3 |  4- 6 |  7- 9 || total
-------------------------+-------+-------+-------++-------
Melee: Rapier            |   155 |   301 |    96 ||   552
 Fire: Blowgun           |       |     7 |       ||     7
Invok: Potion Petition   |       |       |     1 ||     1
 Abil: Evoke Berserk Rag |     3 |     2 |     1 ||     6
Evoke: Wand              |       |     1 |     1 ||     2
  Use: Potion            |       |       |     7 ||     7
       Scroll            |       |       |     6 ||     6
 Stab: Confused          |       |     2 |       ||     2
  Eat: Chunk             |     1 |       |       ||     1
       Bread ration      |     2 |     1 |       ||     3
       Meat ration       |       |     1 |       ||     1
Armor: Scale mail        |    70 |    90 |    30 ||   190
Dodge: Dodged            |    42 |    48 |    20 ||   110
Block: Shield            |    75 |    89 |    19 ||   183
